 Dungeon Crawl Stone Soup version 0.23.2-11-gf996548c65 (webtiles) character file.

Game seed: 240971584622687212

180 eccles the Digger (level 5, -1/30 HPs)
             Began as a Gargoyle Earth Elementalist on May 31, 2019.
             Slain by a wyvern zombie (2 damage)
             ... on level 4 of the Dungeon on June 5, 2019.
             The game lasted 00:17:44 (3000 turns).

eccles the Digger (Gargoyle Earth Elementalist)     Turns: 3000, Time: 00:17:44

Health: -1/30      AC:  8    Str: 11    XL:     5   Next: 60%
Magic:  4/9        EV: 11    Int: 17    God:
Gold:   160        SH:  0    Dex: 10    Spells: 3/9 levels left

rFire    . . .     SeeInvis .   y - +0 short sword (speed)
rCold    . . .     Gourm    .   (no shield)
rNeg     + . .     Faith    .   m - +0 leather armour
rPois    ∞         Spirit   .   (no helmet)
rElec    +         Reflect  .   (no cloak)
rCorr    .         Harm     .   j - +0 pair of gloves
MR       .....                  (no boots)
Stlth    ++........             (no amulet)
HPRegen  0.10/turn              (no ring)
MPRegen  0.11/turn              (no ring)

@: no status effects
A: negative energy resistance 1, electricity resistance, unbreathing,
petrification resistance, rot immunity, AC +4
a: no special abilities


You were on level 4 of the Dungeon.
You were not hungry.

You visited 1 branch of the dungeon, and saw 4 of its levels.

You collected 160 gold pieces.

Inventory:

Hand Weapons
 i - a +0 dagger
 q - a +0 short sword
 y - a +0 short sword of speed (weapon)
 B - a +0 hand crossbow
Missiles
 b - 59 stones (quivered)
Armour
 c - a +0 robe
 h - a +0 shield
 j - a +0 pair of gloves (worn)
 m - a +0 leather armour (worn)
 v - a scarf of cloud immunity
Jewellery
 a - a cursed -3 ring of protection {unknown}
 k - an uncursed ring of see invisible {unknown}
 p - a cursed -3 ring of evasion {unknown}
Scrolls
 e - 4 scrolls of teleportation {unknown}
 l - 2 scrolls of remove curse {unknown}
 o - a scroll of blinking {unknown}
 r - a scroll of identify {unknown}
 s - a scroll of random uselessness {unknown}
 u - a scroll of enchant weapon {unknown}
 w - a scroll of fear {unknown}
 A - a scroll of amnesia {unknown}
Potions
 f - a potion of berserk rage {unknown}
 g - a potion of flight {unknown}
 n - 2 potions of agility {unknown}
 t - 2 potions of curing {unknown}
 x - a potion of heal wounds {unknown}
Comestibles
 d - 7 rations
 z - 3 chunks of flesh


   Skills:
 * Level 1.9 Fighting
 + Level 1.3 Short Blades
 + Level 1.3 Armour
 + Level 2.1 Dodging
 + Level 2.6 Stealth
 * Level 2.8 Spellcasting
 + Level 0.1 Conjurations
 + Level 0.7 Transmutations
 * Level 4.8 Earth Magic


You had 3 spell levels left.
You knew the following spells:

 Your Spells              Type           Power        Failure   Level  Hunger
a - Sandblast             Erth           ###...       3%          1    #......
b - Passwall              Tmut/Erth      ##......     11%         2    ##.....
c - Stone Arrow           Conj/Erth      ##....       26%         3    ###....

Your spell library contained the following spells:

 Spells                   Type           Power        Failure   Level  Hunger
 Magic Dart               Conj           #...         22%         1    #......
 Blink                    Tloc           N/A          34%         2    ##.....
 Call Imp                 Summ           #.......     34%         2    ##.....
 Slow                     Hex            #.......     34%         2    ##.....
 Conjure Flame            Conj/Fire      #.......     56%         3    ###....
 Mephitic Cloud           Conj/Pois/Air  #.......     56%         3    ###....
 Petrify                  Tmut/Erth      ##......     58%         4    #####..
 Lee's Rapid Deconstruct  Erth           ###.......   65%         5    ######.


Dungeon Overview and Level Annotations

Branches:
Dungeon (4/15)
 Temple: D:4-7

Altars:
Ashenzari
Nemelex Xobeh


Innate Abilities, Weirdness & Mutations

You are resistant to torment.
Your stone body is resilient. (AC +4)
You are immune to poison.
You resist negative energy. (rN+)
You are resistant to electric shocks. (rElec)
You can survive without breathing.
You are immune to petrification.
You are immune to rotting.


Message History

Casting: Sandblast (safe; 3% risk of failure)
Confirm with . or Enter, or press ? or * to list all spells.
Aiming: Sandblast (safe; 3% risk of failure)
Press: ? - help, Shift-Dir - straight line, f/p - wyvern zombie
Aim: a wyvern zombie (heavily damaged)
The blast of sand hits the wyvern zombie!
The wyvern zombie is severely damaged.
b - 59 stones The wyvern zombie bites you!
* * * LOW HITPOINT WARNING * * *
The wyvern zombie bites you but does no damage.
Casting: Sandblast (safe; 3% risk of failure)
Confirm with . or Enter, or press ? or * to list all spells.
Aiming: Stone Arrow (safe; 26% risk of failure)
Press: ? - help, Shift-Dir - straight line, f/p - wyvern zombie
Aim: a wyvern zombie (severely damaged)
The stone arrow hits the wyvern zombie!
The wyvern zombie is almost destroyed.
The wyvern zombie bites you.
You die...

### ### .. #...
. #. #..# ..
#.###..#
...###...#..#
.......!....####
$#.#......?.....
......Z@....#
####.....?<##
#####+###


You could see a wyvern zombie.

Vanquished Creatures
  A centaur skeleton (D:2)
  Terence (D:3)
  5 adders
  3 worms
  A leopard gecko (D:1)
  An orc (D:3)
  3 ball pythons
  5 giant cockroaches
  8 goblins
  11 hobgoblins
  2 jackals (D:3)
  5 kobolds
  A quokka (D:2)
  6 bats
  7 frilled lizards
  9 rats
69 creatures vanquished.

Notes
Turn   | Place    | Note
-------+----------+-------------------------------------------
     0 | D:1      | eccles the Gargoyle Earth Elementalist began the quest for
                  | the Orb.
     0 | D:1      | Reached XP level 1. HP: 10/10 MP: 3/3
   334 | D:1      | Reached skill level 4 in Earth Magic
   548 | D:1      | Upgraded the game from 0.23.2-1-ga50397a to
                  | 0.23.2-11-gf996548c65
   586 | D:1      | Reached XP level 2. HP: 15/15 MP: 3/5
  1225 | D:2      | Reached XP level 3. HP: 14/19 MP: 6/6
  1285 | D:2      | Reached skill level 1 in Fighting
  1333 | D:2      | Learned a level 2 spell: Passwall
  1337 | D:2      | Learned a level 3 spell: Stone Arrow
  1455 | D:2      | Reached XP level 4. HP: 20/25 MP: 2/7
  1564 | D:2      | Found a sparkling altar of Nemelex Xobeh.
  1628 | D:2      | Reached skill level 1 in Armour
  1652 | D:2      | Found a shattered altar of Ashenzari.
  1704 | D:2      | Reached skill level 1 in Short Blades
  1705 | D:2      | Reached XP level 5. HP: 17/29 MP: 4/8
  2241 | D:3      | Noticed Terence
  2257 | D:3      | Killed Terence
  2999 | D:4      | HP: 1/30 [wyvern zombie (8)]
  3000 | D:4      | Slain by a wyvern zombie

Skill      XL: |  1  2  3  4 |
---------------+-------------+-----
Earth Magic    | 4 |  4.8
Fighting       | 1 |  1.9
Armour         | 1 |  1.3
Short Blades   | 1 |  1.3
Dodging        | 2 |  2.1
Stealth        | |  2.6
Spellcasting   | |  2.8
Conjurations   | |  0.1
Transmutations | |  0.7

Action                   |  1- 3 |  4- 6 || total
-------------------------+-------+-------++-------
Melee: Dagger            |    61 |       ||    61
       Short sword       |    51 |   182 ||   233
 Cast: Sandblast         |    26 |    16 ||    42
       Stone Arrow       |       |     6 ||     6
 Stab: Sleeping          |       |     6 ||     6
       Distracted        |       |     1 ||     1
  Eat: Chunk             |     2 |     6 ||     8
Armor: Robe              |     4 |       ||     4
       Leather armour    |    62 |    54 ||   116
Dodge: Dodged            |    91 |    91 ||   182
